 Dungeon Crawl Stone Soup version 0.21-a0-591-g2314aa1 (webtiles) character file.

476 Amnesiac the Digger (level 6, -4/32 HPs)
             Began as a Deep Elf Earth Elementalist on Dec 22, 2017.
             Slain by a hound (5 damage)
             ... on level 4 of the Dungeon.
             The game lasted 00:01:53 (2339 turns).

Amnesiac the Digger (Deep Elf Earth Elementalist)   Turns: 2339, Time: 00:01:54

Health: -4/32      AC:  3    Str:  5    XL:     6   Next: 84%
Magic:  4/17       EV: 13    Int: 22    God:
Gold:   123        SH:  0    Dex: 15    Spells: 5/17 levels left

rFire    . . .     SeeInvis .   m - +0 short sword (venom)
rCold    . . .     Gourm    .   (no shield)
rNeg     . . .     Faith    .   c - +0 robe
rPois    .         Spirit   .   (no helmet)
rElec    .         Reflect  .   r - +0 cloak
rCorr    .         Harm     .   (no gloves)
MR       .....                  (no boots)
Stlth    ++........             (no amulet)
HPRegen  0.10/turn              (no ring)
MPRegen  0.15/turn              (no ring)

@: no status effects
A: no striking features
a: no special abilities


You were on level 4 of the Dungeon.
You were not hungry.

You visited 1 branch of the dungeon, and saw 4 of its levels.

You collected 123 gold pieces.

Inventory:

Hand Weapons
 m - a +0 short sword of venom (weapon)
 s - a +3 quarterstaff of chaos
 x - a +0 blowgun
Missiles
 b - 99 stones (quivered)
 v - 3 poisoned tomahawks
 w - 9 poisoned needles
Armour
 c - a +0 robe (worn)
 r - a +0 cloak (worn)
 C - a +0 pair of gloves
Wands
 p - a wand of flame (20)
 z - a wand of clouds (4)
Scrolls
 a - 5 scrolls of identify {!r, unknown}
 h - a scroll of amnesia {!r, unknown}
 i - 2 scrolls of random uselessness {!r, unknown}
 k - a scroll of fear {!r, unknown}
 l - 2 scrolls of enchant armour {!r, unknown}
 o - 2 scrolls of teleportation {!r, unknown}
 y - a scroll of immolation {!r, unknown}
Potions
 f - 2 potions of brilliance {!q, unknown}
 g - 2 potions of degeneration {!q, unknown}
 j - a potion of mutation {!q, unknown}
 n - a potion of flight {!q, unknown}
 q - a potion of resistance {!q, unknown}
 u - a potion of cancellation {!q, unknown}
 A - a potion of curing {!q, unknown}
 B - a potion of heal wounds {!q, unknown}
Books
 e - a book of Geomancy

   Spells                             Type                      Level
   a - Sandblast                      Earth                        1
   b - Passwall                       Transmutation/Earth          2
   c - Stone Arrow                    Conjuration/Earth            3
   d - Petrify                        Transmutation/Earth          4
   e - Lee's Rapid Deconstruction     Earth                        5
Comestibles
 d - 8 rations
 t - 22 chunks of flesh


   Skills:
 - Level 2.4 Dodging
 - Level 2.4 Stealth
 + Level 6.2 Spellcasting
 - Level 1.1 Transmutations
 * Level 7.2 Earth Magic


You had 5 spell levels left.
You knew the following spells:

 Your Spells              Type           Power        Failure   Level  Hunger
a - Sandblast             Erth           #####.       1%          1    None
b - Passwall              Tmut/Erth      ####......   2%          2    None
d - Lee's Rapid Deconstr  Erth           #####.....   12%         5    #####..
e - Petrify               Tmut/Erth      ####....     16%         4    ###....


Dungeon Overview and Level Annotations

Branches:
Dungeon (4/15)
 Temple: D:4-7

Altars:
Makhleb
Nemelex Xobeh
Trog


Message History

Confirm with . or Enter, or press ? or * to list all spells.
Aiming: Sandblast
Press: ? - help, Shift-Dir - straight line, f/p - hippogriff
Aim: a hippogriff (heavily wounded)
The blast of sand hits the hippogriff.
The hippogriff is severely wounded.
b - 104 stones The hippogriff bites you!
The hippogriff pecks you. The hippogriff claws you.
A bullfrog skeleton comes into view.
Casting: Sandblast
Confirm with . or Enter, or press ? or * to list all spells.
Aiming: Sandblast
Press: ? - help, Shift-Dir - straight line, f/p - hippogriff
Aim: a hippogriff (severely wounded)
The blast of sand misses the hippogriff.
b - 103 stones The hippogriff barely misses you.
The hippogriff pecks you!
* * * LOW HITPOINT WARNING * * *
The hippogriff claws you!
* * * LOW HITPOINT WARNING * * *
Casting: Sandblast
Confirm with . or Enter, or press ? or * to list all spells.
Aiming: Sandblast
Press: ? - help, Shift-Dir - straight line, f/p - hippogriff
Aim: a hippogriff (severely wounded)
The blast of sand hits the hippogriff.
You kill the hippogriff!
Your Spellcasting skill increases to level 6!
Your Earth Magic skill increases to level 7!
b - 102 stones Unknown command.
Casting: Sandblast
Confirm with . or Enter, or press ? or * to list all spells.
Aiming: Sandblast
Press: ? - help, Shift-Dir - straight line, f - hound
Aim: a hound (hasn't noticed you)
The blast of sand hits the hound.
The hound is moderately wounded.
The hound barks!
b - 101 stones The hound bites you.
* * * LOW HITPOINT WARNING * * *
The hound closely misses you.
Unknown command.
Casting: Sandblast
Confirm with . or Enter, or press ? or * to list all spells.
Aiming: Sandblast
Press: ? - help, Shift-Dir - straight line, f/p - hound
Aim: a hound (moderately wounded)
The blast of sand hits the hound.
The hound is severely wounded.
b - 100 stones The hound misses you.
Unknown command.
Okay, then.
Casting: Sandblast
Confirm with . or Enter, or press ? or * to list all spells.
Aiming: Sandblast
Press: ? - help, Shift-Dir - straight line, f/p - hound
Aim: a hound (severely wounded)
The blast of sand misses the hound.
b - 99 stones The hound bites you.
You die...

###.... ....... .###
...... .... ..... .#.#
# ...# .#.# .# ...#
#######.#$. .>
...####.......#h##.#
)........#....#.@†.#
.........#.#.##.####
.........'.#.##.######
.........#.#.........#
#...###'##.#########.#
#...# #.##.#
#.......##.# ###.##
###.#


You could see a hound.

Vanquished Creatures
  A hippogriff (D:4)
  Crazy Yiuf (D:2)
  A hound (D:2)
  An orc wizard (D:3)
  Jessica (D:2)
  A worker ant (D:4)
  4 gnolls (D:4)
  4 adders
  A leopard gecko (D:4)
  15 orcs
  2 giant cockroaches (D:2)
  8 goblins
  4 hobgoblins
  6 jackals
  6 kobolds (D:3)
  3 quokkas
  A ball python (D:2)
  7 bats
  3 frilled lizards
  9 rats
79 creatures vanquished.

Notes
Turn   | Place    | Note
-------+----------+-------------------------------------------
     0 | D:1      | Amnesiac the Deep Elf Earth Elementalist began the quest for the Orb.
     0 | D:1      | Reached XP level 1. HP: 10/10 MP: 6/6
   362 | D:1      | Reached XP level 2. HP: 11/15 MP: 1/8
   630 | D:2      | Learned a level 2 spell: Passwall
   654 | D:2      | Reached skill level 4 in Earth Magic
   860 | D:2      | Reached XP level 3. HP: 19/19 MP: 7/10
   941 | D:2      | Found a runed door.
  1023 | D:2      | Found a burning altar of Makhleb.
  1121 | D:2      | Noticed Jessica
  1127 | D:2      | Killed Jessica
  1127 | D:2      | Reached skill level 5 in Earth Magic
  1127 | D:2      | Reached XP level 4. HP: 22/24 MP: 8/12
  1133 | D:2      | Learned a level 4 spell: Petrify
  1333 | D:2      | Noticed Crazy Yiuf
  1338 | D:2      | Killed Crazy Yiuf
  1490 | D:3      | Reached XP level 5. HP: 28/28 MP: 11/14
  1634 | D:3      | Reached skill level 5 in Spellcasting
  1654 | D:3      | Learned a level 5 spell: Lee's Rapid Deconstruction
  1759 | D:3      | Found a bloodstained altar of Trog.
  2160 | D:4      | Reached skill level 6 in Earth Magic
  2234 | D:4      | Found a sparkling altar of Nemelex Xobeh.
  2291 | D:4      | Reached XP level 6. HP: 32/32 MP: 9/16
  2330 | D:4      | Noticed a hippogriff
  2336 | D:4      | Killed a hippogriff
  2336 | D:4      | Reached skill level 7 in Earth Magic
  2337 | D:4      | HP: 1/32 [hound (3)]
  2339 | D:4      | Slain by a hound

Vault maps used:
D:1:      dpeg_arrival_shelter
D:2:      makhleb_heckhound_becter, kennysheep_jessica_study,
          uniq_crazy_yiuf_cottage
D:3:      marbit_many_paths
D:4:      lemuel_coloured_pillars_altar, minmay_temple_entry_poolview,
          first_ration

Skill      XL: |  1  2  3  4  5  6 |
---------------+-------------------+-----
Earth Magic    | 4 5 6 7 |  7.2
Spellcasting   | 4 5 6 |  6.2
Dodging        | |  2.4
Stealth        | |  2.4
Transmutations | |  1.1

Action                   |  1- 3 |  4- 6 || total
-------------------------+-------+-------++-------
Melee: Unarmed           |    17 |       ||    17
       Short sword       |       |    19 ||    19
 Cast: Sandblast         |    36 |    61 ||    97
 Stab: Sleeping          |       |     1 ||     1
  Eat: Chunk             |     1 |     3 ||     4
Armor: Robe              |     4 |     6 ||    10
Dodge: Dodged            |    23 |    27 ||    50

Table legend:
 A = Spawn XP
 B = Non-spawn XP
 C = Spawn XP percentage of total XP
 D = Spawn monster count
 E = Non-spawn monster count
 F = Spawn count percentage of total count
 G = Total turns spent on level
                    A         B        C        D         E        F      G
               +---------+---------+-------+---------+---------+-------+---------
         Total |       0 |     680 |   0.0 |       0 |      79 |   0.0 |  2339
               +---------+---------+-------+---------+---------+-------+---------
           D:1 |       0 |      18 |   0.0 |       0 |      11 |   0.0 |   585
           D:2 |       0 |     154 |   0.0 |       0 |      18 |   0.0 |   790
           D:3 |       0 |     116 |   0.0 |       0 |      30 |   0.0 |   745
           D:4 |       0 |     392 |   0.0 |       0 |      20 |   0.0 |   219
               +---------+---------+-------+---------+---------+-------+---------
